 Dungeon Crawl Stone Soup version 0.23.0-33-g5e6c059fef (webtiles) character file.

Game seed: 6106813458835108767

4142 Kisielow the Arsonist (level 10, -11/56 HPs)
             Began as a Deep Elf Fire Elementalist on Feb 26, 2019.
             Was a Follower of Vehumet.
             Mangled by a seven-headed hydra (17 damage)
             ... on level 8 of the Dungeon.
             The game lasted 00:29:05 (9393 turns).

Kisielow the Arsonist (Deep Elf Fire Elementalist)  Turns: 9393, Time: 00:29:06

Health: -11/56     AC:  3    Str:  5    XL:     10   Next: 7%
Magic:  19/30      EV: 16    Int: 24    God:    Vehumet [*.....]
Gold:   361        SH:  0    Dex: 15    Spells: 5/21 levels left

rFire    + . .     SeeInvis .   v - +2 whip (elec)
rCold    . . .     Gourm    .   (no shield)
rNeg     . . .     Faith    .   a - +0 robe
rPois    .         Spirit   .   r - +1 hat
rElec    .         Reflect  .   (no cloak)
rCorr    .         Harm     .   (no gloves)
MR       +....                  (no boots)
Stlth    ++........             t - amulet of rage
HPRegen  0.18/turn              d - ring of magical power
MPRegen  0.22/turn              o - ring of protection from fire

@: no status effects
A: no striking features
a: Renounce Religion, Evoke Berserk Rage


You were on level 8 of the Dungeon.
You worshipped Vehumet.
Vehumet was aware of your devotion.
You were not hungry.

You visited 2 branches of the dungeon, and saw 9 of its levels.

You collected 361 gold pieces.

Inventory:

Hand Weapons
 v - a +2 whip of electrocution (weapon)
Armour
 a - a +0 robe (worn)
 r - a +1 hat (worn)
Jewellery
 d - a ring of magical power (left hand)
 o - a ring of protection from fire (right hand)
 t - an amulet of rage (around neck)
 x - a cursed ring of protection from fire
Wands
 e - a wand of digging (7)
 f - a wand of enslavement (6)
 p - a wand of disintegration (7)
 w - a wand of flame (16)
Scrolls
 b - 3 scrolls of magic mapping
 h - 5 scrolls of remove curse
 j - 5 scrolls of teleportation
 y - a scroll of blinking
 z - a scroll of identify
Potions
 g - a potion of flight
 i - a potion of ambrosia
 l - 3 potions of invisibility
 m - a potion of brilliance
 n - 3 potions of haste
 q - a potion of cancellation
 s - a potion of magic
 u - 2 potions of curing
Comestibles
 c - 12 rations
 k - a chunk of flesh


   Skills:
 + Level 3.5 Fighting
 + Level 6.0 Dodging
 - Level 2.4 Stealth
 - Level 6.2 Spellcasting
 * Level 9.6 Conjurations
 * Level 10.1 Fire Magic


You had 5 spell levels left.
You knew the following spells:

 Your Spells              Type           Power        Failure   Level  Hunger
a - Conjure Flame         Conj/Fire      ######..     1%          3    None
b - Sandblast             Erth           #.....       8%          1    None
e - Sticky Flame          Conj/Fire      ######..     1%          4    ###....
q - Flame Tongue          Conj/Fire      #####        1%          1    None
s - Fireball              Conj/Fire      ######....   3%          5    #####..
w - Throw Flame           Conj/Fire      ######       1%          2    None

Your spell library contained the following spells:

 Spells                   Type           Power        Failure   Level  Hunger
 Magic Dart               Conj           ####         1%          1    None
 Throw Frost              Conj/Ice       ####..       1%          2    None
 Inner Flame              Hex/Fire       ####....     3%          3    None
 Mephitic Cloud           Conj/Pois/Air  ###.....     6%          3    None
 Confusing Touch          Hex            #.....       8%          1    None
 Freeze                   Ice            #...         8%          1    None
 Throw Icicle             Conj/Ice       ####....     11%         4    ###....
 Blink                    Tloc           N/A          12%         2    None
 Call Imp                 Summ           #.......     12%         2    None
 Slow                     Hex            #.......     12%         2    None
 Confuse                  Hex            #.......     24%         3    None
 Gell's Gravitas          Tloc           #.........   24%         3    None
 Ozocubu's Armour         Chrm/Ice       #.......     24%         3    None
 Petrify                  Tmut/Erth      #.......     61%         4    ###....
 Summon Ice Beast         Ice/Summ       #.......     61%         4    ###....
 Metabolic Englaciation   Hex/Ice        #.........   91%         5    #####..
 Yara's Violent Unravell  Hex/Tmut       #.........   91%         5    #####..


Dungeon Overview and Level Annotations

Branches:
Dungeon (8/15)             Temple (1/1) D:5            Lair (0/6) D:8

Altars:
Ashenzari
Cheibriados
Dithmenos
Elyvilon
Fedhas
Gozag
Hepliaklqana
Kikubaaqudgha
Makhleb
Nemelex Xobeh
Okawaru
Qazlal
Ru
Sif Muna
Trog
Uskayaw
Vehumet
Wu Jian
Xom
Yredelemnul
Zin
The Shining One

Shops:
D:4 *   D:7 **[*


Message History

The slime creature jiggles.
The slime creature is engulfed in blazing flames.
Casting: Sticky Flame (safe; 1% risk of failure)
Confirm with . or Enter, or press ? or * to list all spells.
Aiming: Sticky Flame (safe; 1% risk of failure)
Press: ? - help, Shift-Dir - straight line, f/p - seven-headed hydra
Aim: a seven-headed hydra (severely wounded)
The sticky flame hits the seven-headed hydra!
The seven-headed hydra is severely wounded.
The seven-headed hydra is covered in liquid flames!
The seven-headed hydra burns!
The seven-headed hydra completely misses you.
The seven-headed hydra misses you. The seven-headed hydra bites you!
The seven-headed hydra barely misses you.
The seven-headed hydra bites you.
* * * LOW HITPOINT WARNING * * *
The seven-headed hydra bites you.
* * * LOW HITPOINT WARNING * * *
The seven-headed hydra bites you!
You die...

# # # # # ####
.#.#######################..#
.#..............@D...J§h=...#
.#.####################....##
.#.##### ....# .......# ...##
.......# ...# .......# ..##
......## ..D >.....# ...
......#


You could see a seven-headed hydra (burning), a slime creature and a hound.

Vanquished Creatures
  A two-headed ogre (D:8)
  A slime creature (D:5)
  Prince Ribbit (D:7)
  5 porcupines (D:8)
  2 orc warriors (D:7)
  3 sky beasts
  A necrophage (D:8)
  4 centaurs
  An ogre (D:5)
  A big kobold (D:7)
  4 crocodiles
  4 bullfrogs
  3 scorpions
  4 crimson imps
  A bullfrog zombie (D:5)
  A jelly (D:5)
  2 hounds (D:8)
  2 bullfrog skeletons
  2 orc priests (D:7)
  2 orc wizards (D:7)
  A centaur skeleton (D:6)
  3 iguanas
  6 worker ants
  A hound skeleton (D:6)
  A howler monkey skeleton (D:5)
  7 adders
  4 gnolls (D:4)
  2 worms
  6 leopard geckos
  23 orcs
  5 bats
  2 giant cockroaches (D:2)
  7 goblins
  6 hobgoblins
  4 jackals (D:5)
  3 quokkas
  8 frilled lizards
  A jackal zombie (D:6)
  11 kobolds
  A leopard gecko skeleton (D:5)
  4 rats
151 creatures vanquished.

Vanquished Creatures (others)
  26 fungi (D:8)
  4 plants (D:8)
30 creatures vanquished.

Grand Total: 181 creatures vanquished

Notes
Turn   | Place    | Note
-------+----------+-------------------------------------------
     0 | D:1      | Kisielow the Deep Elf Fire Elementalist began the quest for
                  | the Orb.
     0 | D:1      | Reached XP level 1. HP: 10/10 MP: 6/6
   203 | D:1      | Reached XP level 2. HP: 15/15 MP: 8/8
   233 | D:1      | Learned a level 2 spell: Throw Flame
   762 | D:2      | Reached XP level 3. HP: 19/19 MP: 10/10
   821 | D:2      | Learned a level 3 spell: Conjure Flame
   825 | D:2      | Learned a level 3 spell: Inner Flame
  1757 | D:3      | Found a glowing golden altar of the Shining One.
  1916 | D:3      | Reached XP level 4. HP: 24/24 MP: 8/12
  2825 | D:4      | Found a basalt altar of Yredelemnul.
  2830 | D:4      | Reached skill level 5 in Spellcasting
  2830 | D:4      | Reached skill level 4 in Fire Magic
  2980 | D:4      | Found Etrieh's General Store.
  3206 | D:4      | Learned a level 4 spell: Sticky Flame
  3323 | D:4      | Reached XP level 5. HP: 28/28 MP: 14/14
  3890 | D:5      | Entered Level 5 of the Dungeon
  3957 | D:5      | Found an opulent altar of Gozag.
  3957 | D:5      | Found a shimmering altar of Xom.
  3985 | D:5      | Reached XP level 6. HP: 32/32 MP: 17/17
  4022 | D:5      | Found a sacrificial altar of Ru.
  4036 | D:5      | Reached skill level 5 in Fire Magic
  4549 | D:5      | Reached XP level 7. HP: 13/36 MP: 18/18
  4844 | D:5      | Learned a level 5 spell: Fireball
  4857 | D:5      | Reached skill level 5 in Conjurations
  4867 | D:5      | Noticed a slime creature
  4872 | D:5      | Killed a slime creature
  4872 | D:5      | Reached skill level 6 in Fire Magic
  5495 | D:5      | Found a staircase to the Ecumenical Temple.
  5501 | Temple   | Entered the Ecumenical Temple
  5810 | D:6      | Reached skill level 7 in Fire Magic
  5816 | D:6      | Reached XP level 8. HP: 21/41 MP: 14/19
  6227 | D:6      | Found a radiant altar of Vehumet.
  6241 | D:6      | Became a worshipper of Vehumet
  6964 | D:6      | Found a burning altar of Makhleb.
  6986 | D:6      | Reached skill level 1 in Fighting
  7063 | D:7      | Noticed Prince Ribbit
  7072 | D:7      | Killed Prince Ribbit
  7168 | D:7      | Reached skill level 8 in Fire Magic
  7205 | D:7      | Found Ywuak's Assorted Antiques.
  7536 | D:7      | Found Asuubu's Antique Armour Boutique.
  7558 | D:7      | Reached XP level 9. HP: 48/48 MP: 9/20
  7561 | D:7      | Reached * piety under Vehumet
  7561 | D:7      | Offered knowledge of Sandblast by Vehumet.
  7565 | D:7      | Learned a level 1 spell: Sandblast
  7676 | D:7      | Found Xushreg's General Store.
  8032 | D:7      | Found Joexirim's General Store.
  8711 | D:8      | Reached skill level 9 in Fire Magic
  8864 | D:8      | Reached skill level 5 in Dodging
  9008 | D:8      | Noticed a two-headed ogre
  9016 | D:8      | Killed a two-headed ogre
  9023 | D:8      | Reached skill level 10 in Fire Magic
  9083 | D:8      | Found a staircase to the Lair.
  9095 | D:8      | Reached XP level 10. HP: 48/56 MP: 4/21
  9376 | D:8      | Noticed a seven-headed hydra
  9393 | D:8      | Mangled by a seven-headed hydra

Skill      XL: |  1  2  3  4  5  6  7  8  9 10 |
---------------+-------------------------------+-----
Spellcasting   | 4 5 6 |  6.2
Conjurations   | 2 3 4 6 7 9 |  9.6
Fire Magic     | 4 5 7 8 10 | 10.1
Dodging        | 4 5 6 |  6.0
Fighting       | 2 3 |  3.5
Stealth        | |  2.4

Action                   |  1- 3 |  4- 6 |  7- 9 | 10-12 || total
-------------------------+-------+-------+-------+-------++-------
Melee: Unarmed           |       |       |    36 |       ||    36
       Spear             |       |       |     8 |       ||     8
       Dagger            |       |       |    13 |       ||    13
       Whip              |       |       |       |    14 ||    14
 Cast: Flame Tongue      |    34 |    41 |   125 |     9 ||   209
       Throw Flame       |    41 |    20 |    17 |       ||    78
       Conjure Flame     |     1 |     7 |    11 |     2 ||    21
       Inner Flame       |       |     1 |     6 |       ||     7
       Sticky Flame      |       |     4 |    15 |     4 ||    23
       Fireball          |       |       |    10 |       ||    10
 Abil: Evoke Berserk Rag |       |       |     1 |       ||     1
Evoke: Wand              |       |       |    12 |       ||    12
  Use: Scroll            |     8 |     9 |     4 |       ||    21
  Eat: Chunk             |     4 |     5 |    15 |     2 ||    26
       Ration            |       |     1 |     1 |       ||     2
Armor: Robe              |     1 |     1 |    19 |     2 ||    23
Dodge: Dodged            |     3 |    13 |    67 |    22 ||   105
